 Dungeon Crawl Stone Soup version 0.29.0-4-gdea44cf6ec (webtiles) character file.

Game seed: 495019713244361735

5 qw the Chopper (level 1, 0/12 HPs)
             Began as a Tengu Warper on Aug 28, 2022.
             Hit by a stone thrown by a kobold (1 damage)
             ... on level 1 of the Dungeon.
             The game lasted 00:00:00 (55 turns).

qw the Chopper (Tengu Warper)                         Turns: 55, Time: 00:00:01

Health: 0/12       AC:  3    Str: 11    XL:     1   Next: 80%
Magic:  4/4        EV: 11    Int: 13    God:
Gold:   0          SH:  0    Dex: 13    Spells: 4/4 levels left

rFire   . . .      SeeInvis .   a - +0 hand axe
rCold   . . .      Faith    .   (no shield)
rNeg    . . .      Spirit   .   b - +0 leather armour
rPois   .          Reflect  .   (helmet restricted)
rElec   .          Harm     .   (no cloak)
rCorr   .          Rampage  .   (no gloves)
Will    .....                   (boots unavailable)
Stlth   +.........              (no amulet)
HPRegen 0.04/turn               (no ring)
MPRegen 0.09/turn               (no ring)

@: no status effects
A: beak, talons 3
a: no special abilities


You were on level 1 of the Dungeon.
You visited 1 branch of the dungeon, and saw 1 of its levels.


Innate Abilities, Weirdness & Mutations

You have a beak for a mouth.
You have claws for feet.


   Skills:
 - Level 2.0 Fighting
 + Level 2.8 Axes
 - Level 1.0 Throwing
 - Level 1.1 Armour
 - Level 2.1 Dodging
 - Level 2.0 Spellcasting
 - Level 2.4 Translocations


You had 4 spell levels left.
You didn't know any spells.
Your spell library contained the following spells:

 Spells                   Type           Power      Damage    Failure   Level
 Blink                    Tloc           14%        N/A       19%         2
 Gell's Gravitas          Tloc           7%         N/A       36%         3
 Lesser Beckoning         Tloc           7%         N/A       36%         3
 Teleport Other           Tloc           7%         N/A       36%         3
 Manifold Assault         Tloc           7%         N/A       98%         5

Inventory:

Hand Weapons
 a - a +0 hand axe (weapon)
Missiles
 d - 3 boomerangs of dispersal (quivered)
Armour
 b - a +0 leather armour (worn)
Jewellery
 g - a +6 ring of intelligence
Scrolls
 c - a scroll of blinking
 e - 3 scrolls of identify {unknown}
Potions
 f - a potion of cancellation {unknown}

Dungeon Overview and Level Annotations

Branches:
Dungeon (1/15)

Altars:


Message History

You see here a rat corpse.
A dart slug comes into view.
You enter the shallow water.
Moving in this stuff is going to be slow.
Found 15 gold pieces.
The dart slug launches a dart at you. The slug dart hits you.
The dart slug launches a dart at you. The slug dart misses you.
The dart slug bites you but does no damage.
You slash the dart slug!
The dart slug is severely wounded.
A hobgoblin comes into view.
Your unstable footing causes you to fumble your attack.
The hobgoblin shouts!
The dart slug launches a dart at you. The slug dart hits you.
Ouch! That really hurt!
You hit the dart slug.
You kill the dart slug!
You closely miss the bat. You claw the bat.
You kill the bat!
A bat comes into view.
A kobold comes into view. It is wielding a +0 dagger.
The bat barely misses you.
The kobold shouts!
You hit the hobgoblin.
The hobgoblin is moderately wounded.
The bat hits you but does no damage. The hobgoblin hits you.
You hit the hobgoblin.
You kill the hobgoblin!
You hit the bat. The bat hits you. The bat closely misses you.
The bat barely misses you.
You miss the bat. Your kick misses the bat.
The bat is moderately wounded.
The bat hits you but does no damage. The bat hits you but does no damage.
The kobold throws a stone.
The stone hits you.
You die...

##...##~~~~~...~~~~~~~~
#.....#.~~~....~~~~~~~~
#.>...'.........~~~~~~~
#.....#%........~~~~~~~
##...##~~~.........~###
#####~~~~~~~......##
~~~~~~~~~~~~.....#
~~~~~~~~~~~~b....+
~~~~~~~~~~~~%@....#
~~~~~~~~~~~~~~?...#
~~~~~~~~~~~~~~~K...#
.~~~~~~~~~~~~~.$..~~
.~~~~~~~~~~~.....~~
....~~~~~........~
................
.#.............


You could see a bat and a kobold.

Vanquished Creatures
  A dart slug (D:1)
  A hobgoblin (D:1)
  A bat (D:1)
  A rat (D:1)
4 creatures vanquished.

Notes
Turn   | Place    | Note
-------+----------+-------------------------------------------
     0 | D:1      | qw the Tengu Warper began the quest for the Orb.
     0 | D:1      | Reached XP level 1. HP: 12/12 MP: 4/4
     0 | D:1      | 0 ||| qw: Version: 0.1-a-89-g26bdef1
     0 | D:1      | 0 ||| qw: Game counter: 2193
     0 | D:1      | 0 ||| qw: Always use a shield: true
     0 | D:1      | 0 ||| qw: God list: Okawaru
     0 | D:1      | 0 ||| qw: Allow faded altars: false
     0 | D:1      | 0 ||| qw: Do Orc after D:15 true
     0 | D:1      | 0 ||| qw: Do second Lair branch before Depths: true
     0 | D:1      | 0 ||| qw: Lair rune preference: random
     0 | D:1      | 0 ||| qw: Plans: Normal
     0 | D:1      | 0 ||| PLANNING D:1-11
    30 | D:1      | 30 ||| Stepping ~*~*~tactically~*~*~ (stealth).
    51 | D:1      | HP: 2/12 [hobgoblin (2)]
    55 | D:1      | Hit by a stone thrown by a kobold

Levels and vault maps discovered:
D:1:      minmay_arrival_shoal_huts, layout_rooms,
          hellmonk_ecumenical_altar_prayer_group

Action                   || total
-------------------------++-------
Melee: Hand axe          ||     9
       Kick              ||     1
Throw: Boomerang         ||     4
Armor: Leather armour    ||     5
Dodge: Dodged            ||     4

Table legend:
 A = Non-vault XP
 B = Vault XP
 C = Vault XP percentage of total XP
 D = Non-vault monster count
 E = Vault monster count
 F = Vault count percentage of total count
                 A         B        C        D         E       F
            +---------+---------+-------+---------+---------+-------
      Total |       8 |       0 |   0.0 |       4 |       0 |   0.0
            +---------+---------+-------+---------+---------+-------
        D:1 |       8 |       0 |   0.0 |       4 |       0 |   0.0
            +---------+---------+-------+---------+---------+-------
